 Dungeon Crawl Stone Soup version 0.26.0-16-gc1dbca0489 (webtiles) character file.

Game seed: 2951729702670630249

4737 kaeus the Basher (level 10, -1/71 HPs)
             Began as a Demonspawn Fighter on Jan 21, 2021.
             Was a Follower of Hepliaklqana.
             Slain by a vampire (7 damage)
             ... on level 9 of the Dungeon.
             The game lasted 00:16:24 (7953 turns).

kaeus the Basher (Demonspawn Fighter)               Turns: 7953, Time: 00:16:24

Health: -1/71      AC: 18    Str: 19    XL:     10   Next: 22%
Magic:  10/10      EV:  9    Int:  9    God:    Hepliaklqana [*.....]
Gold:   509        SH:  0    Dex: 14    Spells: 9/9 levels left

rFire    . . .     SeeInvis .   x - +2 mace (drain)
rCold    + . .     Faith    .   w - +0 tower shield
rNeg     . . .     Spirit   .   G - +2 scale mail {rC+}
rPois    .         Reflect  .   c - +0 helmet
rElec    .         Harm     .   t - +0 cloak
rCorr    .         Rampage  .   (no gloves)
Will     .....                  (boots unavailable)
Stlth    ..........             q - amulet of the acrobat
HPRegen  0.21/turn              z - +4 ring of evasion
MPRegen  0.12/turn              y - +4 ring of protection

@: confused
A: reduced essence, hooves 3, molten scales 2, demonic guardian 1, powered by
pain 1
a: Renounce Religion, Recall Ancestor, Ancestor Identity


You were on level 9 of the Dungeon.
You worshipped Hepliaklqana.
Hepliaklqana was aware of your devotion.
You visited 2 branches of the dungeon, and saw 10 of its levels.

You collected 509 gold pieces.

Inventory:

Hand Weapons
 x - a +2 mace of draining (weapon)
Armour
 c - a +0 helmet (worn)
 t - a +0 cloak (worn)
 w - a +0 tower shield (worn)
 G - a +2 scale mail of cold resistance (worn)
Jewellery
 q - an amulet of the acrobat (around neck)
 r - an uncursed ring of protection from fire
 u - an uncursed amulet of magic regeneration
 y - a +4 ring of protection (right hand)
 z - a +4 ring of evasion (left hand)
 B - a +6 ring of intelligence
Wands
 b - a wand of paralysis (2)
 D - a wand of enslavement (6)
 I - a wand of flame (20)
Scrolls
 a - a scroll of enchant armour {unknown}
 e - 7 scrolls of identify
 f - 3 scrolls of fog
 l - 5 scrolls of remove curse
 m - 4 scrolls of amnesia {unknown}
 p - 4 scrolls of blinking
 v - 6 scrolls of teleportation {unknown}
 E - 4 scrolls of magic mapping {unknown}
 H - a scroll of enchant weapon {unknown}
 J - a scroll of immolation {unknown}
Potions
 d - a potion of might
 g - 3 potions of heal wounds
 h - 2 potions of lignification {unknown}
 i - 2 potions of curing {unknown}
 j - 2 potions of attraction {unknown}
 k - 5 potions of brilliance {unknown}
 n - 3 potions of flight {unknown}
 o - 2 potions of ambrosia {unknown}
 s - a potion of degeneration {unknown}
 A - a potion of magic {unknown}
 C - a potion of berserk rage {unknown}
 F - 2 potions of haste {unknown}


   Skills:
 + Level 7.4(3.7) Fighting
 - Level 2.7(2.9) Axes
 * Level 8.2(4.4) Maces & Flails
 - Level 0.4(0.8) Polearms
 + Level 6.9(3.4) Armour
 + Level 6.8(3.4) Shields


You had 9 spell levels left.
You didn't know any spells.
Your spell library contained the following spells:

 Spells                   Type           Power        Failure   Level
 Animate Skeleton         Necr           0%           100%        1
 Beastly Appendage        Tmut           0%           100%        1
 Pain                     Necr           0%           100%        1
 Wereblood                Tmut           0%           100%        2
 Spider Form              Tmut/Pois      0%           100%        3
 Vampiric Draining        Necr           0%           100%        3
 Animate Dead             Necr           0%           100%        4
 Ice Form                 Ice/Tmut       0%           100%        4
 Agony                    Necr           0%           100%        5
 Blade Hands              Tmut           0%           100%        5


Dungeon Overview and Level Annotations

Branches:
Dungeon (9/15)             Temple (1/1) D:7             Orc (0/2) D:9
   Lair: D:8-11

Altars:
Ashenzari
Cheibriados
Dithmenos
Elyvilon
Fedhas
Gozag
Hepliaklqana
Kikubaaqudgha
Makhleb
Nemelex Xobeh
Okawaru
Qazlal
Ru
Sif Muna
Trog
Uskayaw
Vehumet
Wu Jian
Xom
Yredelemnul
Zin
The Shining One

Shops:
D:7 *


Innate Abilities, Weirdness & Mutations

You have hooves in place of feet.
You are mostly covered in molten scales. (AC +3)
A weak demonic guardian rushes to your aid.
You sometimes gain a little power by taking damage.
Your life essence is reduced to manifest your ancestor. (-10% HP)


Message History

You hit something but do no damage. You kick something.
Bor hits something but does no damage.
You hear some strange, mumbled words.
Something tries to affect you, but you resist.
Bor closely misses something.
You closely miss something. You kick something.
Something hits you but does no damage. Something bites you but does no damage.
Bor barely misses something.
Your shield and scale mail prevent you from hitting something.
You kick something.
You hear some strange, mumbled words.
You are confused.
Bor hits something.
You hear some strange, mumbled words.
Something tries to affect you, but you resist.
Bor closely misses something.
Bor barely misses something.
Unholy energy fills the air.
* * * LOW HITPOINT WARNING * * *
You bump into the rock wall.
Bor hits something.
Something hits you!
You die...

#..ohh...# ####h##### ##R# ##
#.(# .# ##'###### .###
######+##### #.......# .'.#
#.>........# #.......#
.#.####..........# ####h......#
.#....+.........@# ##..Rh......##
.###......).....{###..##.......##
## #.._..)......R))..###.......'.
# ##..|.........##### #.......##
### ######'####### ######+## ..#
#....#### ##). +.# ####....# #..
..#####. ######'## #.#
..#≈≈≈#...........# ###.######


You could see the friendly Bor the ancestor.

Vanquished Creatures
  Pikel (D:5)
  Maggie (D:6)
  A troll (D:9)
  Prince Ribbit (D:6)
  Eustachio (D:5)
  Menkaure (D:6)
  An orc warrior (D:6)
  3 black bears
  4 ogres
  A centaur (D:7)
  2 phantoms (D:6)
  3 wolves (D:9)
  A lemure (D:5)
  Blork the orc (D:6)
  A bullfrog (D:7)
  A scorpion (D:7)
  5 howler monkeys
  A bullfrog zombie (D:5)
  2 bullfrog skeletons
  An orc priest (D:8)
  Crazy Yiuf (D:2)
  7 hounds
  A jelly (D:9)
  5 iguanas
  3 orc wizards
  4 worker ants
  A killer bee zombie (D:6)
  Robin (D:3)
  10 adders
  3 shadow imps (D:6)
  2 white imps
  3 oozes
  4 adder skeletons
  2 adder zombies
  3 worms
  2 dart slugs (D:2)
  4 leopard geckos
  21 orcs
  4 giant cockroaches
  18 goblins
  10 hobgoblins
  10 jackals
  11 kobolds
  3 quokkas
  3 ball pythons
  10 bats
  9 frilled lizards
  A jackal skeleton (D:4)
  A quokka skeleton (D:7)
  8 rats
198 creatures vanquished.

Vanquished Creatures (collateral kills)
  Psyche (D:8)
  Grinder (D:3)
  Edmund (D:5)
  A centaur (D:9)
  2 ogres (D:9)
  2 lemures (D:5)
  4 howler monkeys (D:9)
  An electric eel (D:9)
  2 hounds (D:9)
  2 orc priests (D:9)
  An iguana (D:5)
  An orc wizard (D:8)
  A worker ant (D:5)
  A howler monkey zombie (D:8)
  A worker ant zombie (D:5)
  2 white imps
  A leopard gecko (D:6)
  7 orcs
32 creatures vanquished.

Vanquished Creatures (others)
  An ancestor (D:9)
  An adder (D:9)
2 creatures vanquished.

Grand Total: 232 creatures vanquished

Notes
Turn   | Place    | Note
-------+----------+-------------------------------------------
     0 | D:1      | kaeus the Demonspawn Fighter began the quest for the Orb.
     0 | D:1      | Reached XP level 1. HP: 18/18 MP: 1/1
   270 | D:1      | Gained mutation: A weak demonic guardian rushes to your
                  | aid. [demonic ancestry]
   270 | D:1      | Reached XP level 2. HP: 22/24 MP: 2/2
   588 | D:1      | Gained mutation: You have large cloven feet. [demonic
                  | ancestry]
   588 | D:1      | Reached XP level 3. HP: 29/29 MP: 3/3
  1152 | D:2      | Gained mutation: You are partially covered in molten
                  | scales. (AC +2) [demonic ancestry]
  1152 | D:2      | Reached XP level 4. HP: 35/35 MP: 4/4
  1340 | D:2      | Found a runed translucent door.
  1341 | D:2      | Noticed Crazy Yiuf
  1417 | D:2      | Paralysed by Crazy Yiuf for 2 turns
  1423 | D:2      | Killed Crazy Yiuf
  1603 | D:2      | Gained mutation: You sometimes gain a little power by
                  | taking damage. [demonic ancestry]
  1603 | D:2      | Reached XP level 5. HP: 34/42 MP: 5/5
  1900 | D:3      | Noticed Grinder
  1907 | D:3      | Killed Grinder
  1908 | D:3      | Reached skill level 1 in Maces & Flails
  1908 | D:3      | Gained mutation: You are mostly covered in molten scales.
                  | (AC +3) [demonic ancestry]
  1908 | D:3      | Reached XP level 6. HP: 45/48 MP: 6/6
  2023 | D:3      | Noticed Robin
  2033 | D:3      | Reached skill level 2 in Maces & Flails
  2051 | D:3      | Killed Robin
  2389 | D:3      | Found an opulent altar of Gozag.
  3075 | D:4      | Found a shadowy altar of Dithmenos.
  3260 | D:4      | Gained mutation: You have hoof-like feet. [demonic
                  | ancestry]
  3260 | D:4      | Reached XP level 7. HP: 32/55 MP: 7/7
  3948 | D:5      | Entered Level 5 of the Dungeon
  3951 | D:5      | Noticed Pikel
  3968 | D:5      | Killed Pikel
  3969 | D:5      | Reached skill level 3 in Maces & Flails
  4142 | D:5      | Found an iron altar of Okawaru.
  4176 | D:5      | Noticed Edmund
  4192 | D:5      | Killed Edmund
  4193 | D:5      | Reached skill level 5 in Fighting
  4193 | D:5      | Reached skill level 4 in Maces & Flails
  4335 | D:5      | Found a basalt altar of Yredelemnul.
  4335 | D:5      | Found a radiant altar of Vehumet.
  4335 | D:5      | Noticed Eustachio
  4336 | D:5      | Found a burning altar of Makhleb.
  4350 | D:5      | Killed Eustachio
  4351 | D:5      | Reached XP level 8. HP: 59/62 MP: 8/8
  4890 | D:6      | Reached skill level 5 in Armour
  4890 | D:6      | Reached skill level 5 in Shields
  5085 | D:6      | Reached skill level 5 in Maces & Flails
  5227 | D:6      | Noticed Blork the orc
  5234 | D:6      | Killed Blork the orc
  5310 | D:6      | Noticed Maggie
  5329 | D:6      | Killed Maggie
  5389 | D:6      | Noticed Prince Ribbit
  5402 | D:6      | Killed Prince Ribbit
  5403 | D:6      | Reached skill level 6 in Maces & Flails
  5403 | D:6      | Gained mutation: You have hooves in place of feet. [demonic
                  | ancestry]
  5403 | D:6      | Reached XP level 9. HP: 62/69 MP: 9/9
  5518 | D:6      | Noticed Menkaure
  5530 | D:6      | Killed Menkaure
  6196 | D:7      | Found a staircase to the Ecumenical Temple.
  6210 | Temple   | Entered the Ecumenical Temple
  6490 | Temple   | Became a worshipper of Ashenzari the Shackled
  6509 | Temple   | Fell from the grace of Ashenzari
  6509 | Temple   | Became a worshipper of Hepliaklqana the Forgotten
  6579 | D:7      | Found Roiqoi's Assorted Antiques.
  7017 | D:8      | Noticed Psyche
  7020 | D:8      | Killed Psyche
  7021 | D:8      | Reached skill level 7 in Maces & Flails
  7101 | D:8      | Reached * piety under Hepliaklqana
  7531 | D:9      | Found a staircase to the Orcish Mines.
  7550 | D:9      | Found a snail-covered altar of Cheibriados.
  7823 | D:9      | Noticed a troll
  7834 | D:9      | Reached XP level 10. HP: 28/71 MP: 10/10
  7859 | D:9      | Reached skill level 8 in Maces & Flails
  7953 | D:9      | Slain by a vampire

Illustrated notes

Levels and vault maps discovered:
D:1:      minmay_arrival_four_loops, layout_basic, minmay_pentomino_q4
D:2:      layout_basic, uniq_crazy_yiuf_cottage
D:3:      layout_basic, grunt_gozag_breadcrumbs, uniq_robin, uniq_grinder
D:4:      layout_basic, grunt_dithmenos_smoke, minmay_misc_feat_roman
D:5:      layout_rooms, chequers_temple_overflow_statue_of_worship,
          eino_small_chamber_without_monster, okawaru_gym_becter, uniq_edmund,
          uniq_pikel, uniq_eustachio
D:6:      lemuel_ice_spiral_2, layout_rooms, uniq_prince_ribbit1, uniq_menkaure,
          uniq_blork_the_orc, uniq_maggie
D:7:      layout_gridville, minmay_temple_entry_waves, serial_shops, shop,
          serial_rivers, chequers_serial_rivers_small_3,
          chequers_serial_rivers_micro_d, chequers_serial_rivers_micro_a,
          chequers_serial_rivers_room_b
D:8:      layout_cave_pools, minmay_misc_feat_plants, uniq_psyche
D:9:      layout_roguey, cheibriados_altar_1, erik_lair_island, serial_aquarium,
          aquarium_bridge_square [aquarium_subvault_bridge,
          aquarium_subvault_bridge, aquarium_subvault_wall,
          aquarium_subvault_window], aquarium_window_1, aquarium_window_corner,
          aquarium_view_2d, aquarium_view_2c
Temple:   nicolae_temple_elliptical

Skill      XL: |  1  2  3  4  5  6  7  8  9 10 |
---------------+-------------------------------+-----
Axes           | 2 |  2.7
Shields        | 3 4 5 6 |  6.8
Armour         | 3 4 5 6 |  6.9
Fighting       | 4 5 6 7 |  7.4
Maces & Flails | 1 2 4 6 7 8 |  8.2
Polearms       | |  0.4

Action                   |  1- 3 |  4- 6 |  7- 9 | 10-12 || total
-------------------------+-------+-------+-------+-------++-------
Melee: War axe           |   105 |    67 |       |       ||   172
       Kick              |     9 |    46 |    92 |    13 ||   160
       Mace              |       |   124 |   316 |    46 ||   486
Throw: Boomerang         |       |     5 |       |       ||     5
  Use: Scroll            |       |       |     6 |       ||     6
 Stab: Distracted        |       |       |     1 |       ||     1
Armor: Scale mail        |    68 |   109 |   115 |    26 ||   318
       Chain mail        |       |       |    25 |       ||    25
       Leather armour    |       |       |     8 |       ||     8
Dodge: Dodged            |    47 |    62 |   130 |    23 ||   262
Block: Kite shield       |    63 |    33 |       |       ||    96
       Tower shield      |       |   143 |   255 |    49 ||   447
